 Dungeon Crawl Stone Soup version 0.23-a0-407-g92528d7 (webtiles) character file.

707 Geeful the Changer (level 7, 48/48 HPs)
             Began as a Barachi Transmuter on Nov 7, 2018.
             Got out of the dungeon alive.
             The game lasted 00:14:02 (4780 turns).

Geeful the Changer (Barachi Transmuter)             Turns: 4780, Time: 00:14:03

Health: 48/48      AC:  4    Str: 11    XL:     7   Next: 67%
Magic:  16/16      EV: 12    Int: 16    God:
Gold:   190        SH:  0    Dex: 12    Spells: 14/18 levels left

rFire    . . .     SeeInvis .     - Unarmed
rCold    . . .     Gourm    .   (no shield)
rNeg     . . .     Faith    .   b - +0 robe
rPois    .         Spirit   .   (no helmet)
rElec    .         Reflect  .   (no cloak)
rCorr    .         Harm     .   n - +1 pair of gloves
MR       .....                  (no boots)
Stlth    +.........             (no amulet)
HPRegen  0.16/turn              (no ring)
MPRegen  0.15/turn              (no ring)

@: slow
A: +LOS, swims, mutation resistance 1, slowness 1, subdued magic 1, strong legs
1
a: Hop


You escaped.
You were very hungry.

You visited 1 branch of the dungeon, and saw 5 of its levels.

You collected 190 gold pieces.

Inventory:

Missiles
 a - 54 arrows
Armour
 b - a +0 robe (worn)
 n - a +1 pair of gloves (worn)
Scrolls
 f - 2 scrolls of blinking
 g - 8 scrolls of teleportation
 i - 7 scrolls of remove curse
 j - 5 scrolls of identify
 l - a scroll of noise {unknown}
 m - a scroll of amnesia
Potions
 c - a potion of lignification
 e - a potion of haste
 h - 2 potions of cancellation
 k - a potion of agility
 o - a potion of flight {unknown}
Comestibles
 d - 8 rations


   Skills:
 - Level 1.2 Fighting
 - Level 2.1 Dodging
 - Level 3.2 Unarmed Combat
 + Level 6.1 Spellcasting
 + Level 6.6 Transmutations


You had 14 spell levels left.
You knew the following spells:

 Your Spells              Type           Power        Failure   Level  Hunger
a - Beastly Appendage     Tmut           ###...       1%          1    None
b - Spider Form           Tmut/Pois      ##........   9%          3    ##.....

Your spell library contained the following spells:

 Spells                   Type           Power        Failure   Level  Hunger
 Sticks to Snakes         Tmut           ###.....     1%          2    #......
 Blade Hands              Tmut           ###.......   21%         5    ######.
 Ice Form                 Ice/Tmut       ##......     30%         4    ####...


Dungeon Overview and Level Annotations

Branches:
Dungeon (5/15)
 Temple: D:4-7

Altars:
Trog
Uskayaw
Wu Jian


Innate Abilities, Weirdness & Mutations

Shadows flee at your approach. (+LOS)
You can swim through water.
You cover ground slowly.
You can hop short distances.
You are somewhat resistant to further mutation.
Your spells are a little easier to cast, but a little less powerful.


Message History

You climb upwards.
There is a stone staircase leading down here.
You are feeling very hungry.
(D) Dungeon
Where to? (Enter - D:5, ? - help)
What level of the Dungeon? (default 1, ? - help)
There is a stone staircase leading up here.
You climb upwards.
There is a stone staircase leading down here.
There is an open door here.
There is a stone staircase leading up here.
You climb upwards.
There is a stone staircase leading down here.
There is a stone staircase leading up here.
You climb upwards.
There is a stone staircase leading down here.
You see here a scale mail.
There is a staircase leading out of the dungeon here.
Are you sure you want to leave the Dungeon?
This will make you lose the game!
You have escaped!

....#.....##......#....##.#######
#.##..............#....##........
#.....#'####.....(#....##########
..#####.# #....########## #######
..# #.###....# #.....# #......
### ##..##....# ##.8.8.###.#####
#...##....# #.......##.#
#....#....###......8##.#
#....#....#@#..###..##.#
#....##'###.#..#S#...#.#
####..#)# #.#..#s#..8#.# ##รท#.#
#.#..#k#.....# #(#.#
#.#..#h#..8### ######.#.#
#[#..#l#...# ###........#
#.#..###..## #.+.....#..#
#........8# #.#.....#..#
#.........#


There were no monsters in sight!

Vanquished Creatures
  A phantom (D:4)
  2 ogres
  A scorpion (D:4)
  A howler monkey (D:4)
  An orc priest (D:4)
  An orc wizard (D:4)
  A bullfrog skeleton (D:2)
  Jessica (D:2)
  Natasha (thrice) (D:3)
  A worker ant (D:4)
  Robin (D:2)
  A howler monkey skeleton (D:4)
  5 adders
  An adder skeleton (D:4)
  2 worms
  A dart slug (D:2)
  2 leopard geckos (D:1)
  3 orcs (D:4)
  2 ball pythons (D:1)
  4 giant cockroaches
  17 goblins
  6 hobgoblins (D:2)
  2 quokkas
  11 bats
  2 frilled lizards
  7 kobolds
  10 rats
90 creatures vanquished.

Notes
Turn   | Place    | Note
-------+----------+-------------------------------------------
     0 | D:1      | Geeful the Barachi Transmuter began the quest for the Orb.
     0 | D:1      | Reached XP level 1. HP: 15/15 MP: 3/3
     6 | D:1      | Noticed an anaconda
     6 | D:1      | Noticed a redback
     6 | D:1      | Noticed a lindwurm
     6 | D:1      | Noticed a polar bear
     6 | D:1      | Noticed an iguana
   166 | D:1      | Reached XP level 2. HP: 17/21 MP: 3/5
   613 | D:1      | Reached XP level 3. HP: 26/26 MP: 7/7
   626 | D:1      | Learned a level 3 spell: Spider Form
   961 | D:1      | Gained mutation: Your spells are a little easier to cast,
                  | but a little less powerful. [potion of mutation]
   961 | D:1      | Gained mutation: You are somewhat resistant to further
                  | mutation. [potion of mutation]
  1131 | D:2      | Noticed Robin
  1142 | D:2      | Reached XP level 4. HP: 18/32 MP: 5/9
  1161 | D:2      | Killed Robin
  1555 | D:2      | Found an ornate altar of the Wu Jian Council.
  1593 | D:2      | Found a bloodstained altar of Trog.
  1674 | D:2      | Noticed Jessica
  1680 | D:2      | Killed Jessica
  1680 | D:2      | Reached XP level 5. HP: 37/37 MP: 6/10
  1973 | D:3      | Noticed an ogre
  1985 | D:3      | Killed an ogre
  1985 | D:3      | Reached XP level 6. HP: 43/43 MP: 8/12
  2076 | D:3      | Reached skill level 5 in Transmutations
  2245 | D:3      | Noticed Natasha
  2252 | D:3      | Killed Natasha
  2273 | D:3      | Noticed Natasha
  2284 | D:3      | Killed Natasha
  2734 | D:3      | Noticed Natasha
  2745 | D:3      | Killed Natasha
  2745 | D:3      | Reached skill level 5 in Spellcasting
  2900 | D:3      | Found a hide-covered altar of Uskayaw.
  3392 | D:4      | Reached XP level 7. HP: 44/48 MP: 10/15
  4677 | D:5      | Entered Level 5 of the Dungeon
  4780 | D:$      | Got out of the dungeon alive.

Vault maps used:
D:1:      onia_arrival_zoo_common, chequers_jeans, hangedman_decor_points
D:2:      nicolae_overflow_crystal_walls, lightli_temple_of_fire, uniq_robin,
          uniq_jessica
D:3:      marbit_many_paths, uniq_natasha
D:4:      nicolae_overflow_hidden_temple
D:5:      doesnt_xom_only_xom, first_ration, mrwooster_statue_mirror

Skill      XL: |  1  2  3  4  5  6  7 |
---------------+----------------------+-----
Transmutations | 3 4 5 6 |  6.6
Spellcasting   | 3 4 5 6 |  6.1
Fighting       | |  1.2
Dodging        | |  2.1
Unarmed Combat | |  3.2

Action                   |  1- 3 |  4- 6 |  7- 9 || total
-------------------------+-------+-------+-------++-------
Melee: Unarmed           |   136 |   119 |    69 ||   324
       Kick              |     9 |     3 |     6 ||    18
       Punch             |     1 |     1 |       ||     2
 Cast: Beastly Appendage |    12 |     3 |     2 ||    17
       Spider Form       |     2 |    12 |     6 ||    20
  Use: Potion            |     5 |     3 |     1 ||     9
       Scroll            |     5 |     1 |       ||     6
 Stab: Sleeping          |     2 |     1 |       ||     3
       Distracted        |       |     1 |     1 ||     2
  Eat: Chunk             |     2 |     5 |     4 ||    11
       Ration            |       |     1 |       ||     1
Armor: Robe              |    35 |    10 |     3 ||    48
       Skin              |     2 |     1 |     2 ||     5
Dodge: Dodged            |   119 |    93 |    37 ||   249

Table legend:
 A = Non-vault XP
 B = Vault XP
 C = Vault XP percentage of total XP
 D = Non-vault monster count
 E = Vault monster count
 F = Vault count percentage of total count
                 A         B        C        D         E       F
            +---------+---------+-------+---------+---------+-------
      Total |     897 |     113 |  11.2 |      74 |      16 |  17.8
            +---------+---------+-------+---------+---------+-------
        D:1 |      52 |       0 |   0.0 |      31 |       0 |   0.0
        D:2 |      82 |      76 |  48.1 |      16 |      14 |  46.7
        D:3 |     206 |      37 |  15.2 |      10 |       2 |  16.7
        D:4 |     557 |       0 |   0.0 |      17 |       0 |   0.0
            +---------+---------+-------+---------+---------+-------
